 Dungeon Crawl Stone Soup version 0.21.1-1-g345015f (webtiles) character file.

602 wojtek the Chopper (level 7, -1/60 HPs)
             Began as a Minotaur Fighter on July 21, 2018.
             Slain by an ogre
             ... wielding a +0 giant club
              (11 damage)
             ... on level 5 of the Dungeon.
             The game lasted 00:04:43 (4511 turns).

wojtek the Chopper (Minotaur Fighter)               Turns: 4511, Time: 00:04:43

Health: -1/60      AC:  7    Str: 23    XL:     7   Next: 18%
Magic:  6/6        EV:  8    Int:  5    God:
Gold:   223        SH:  9    Dex:  9    Spells: 6/6 levels left

rFire    + . .     SeeInvis .   a - +0 war axe
rCold    . . .     Gourm    .   c - +0 shield
rNeg     . . .     Faith    .   b - +0 scale mail
rPois    .         Spirit   .   (helmet restricted)
rElec    .         Reflect  .   (no cloak)
rCorr    .         Harm     .   (no gloves)
MR       .....                  (no boots)
Stlth    ..........             m - amulet of rage
HPRegen  0.20/turn              x - ring of protection from fire
MPRegen  0.10/turn              (no ring)

@: drained
A: retaliatory headbutt, horns 2
a: Evoke Berserk Rage


You were on level 5 of the Dungeon.
You were not hungry.

You visited 1 branch of the dungeon, and saw 5 of its levels.
You also visited: Sewer.

You collected 223 gold pieces.

Inventory:

Hand Weapons
 a - a +0 war axe (weapon)
Armour
 b - a +0 scale mail (worn)
 c - a +0 shield (worn)
Jewellery
 m - an amulet of rage (around neck)
 x - a ring of protection from fire (left hand)
Wands
 e - a wand of flame (31)
Scrolls
 h - 4 scrolls of remove curse
 j - 2 scrolls of identify {unknown}
 l - a scroll of enchant armour {unknown}
 p - 3 scrolls of teleportation {unknown}
 q - 2 scrolls of fear {unknown}
 s - a scroll of immolation {unknown}
 u - a scroll of enchant weapon {unknown}
Potions
 d - a potion of might
 g - 2 potions of flight {unknown}
 i - 3 potions of haste {unknown}
 k - 5 potions of curing {unknown}
 n - 2 potions of heal wounds {unknown}
 o - a potion of magic {unknown}
 r - 2 potions of mutation {unknown}
Books
 t - a book of Geomancy

   Spells                             Type                      Level
   a - Sandblast                      Earth                        1
   b - Passwall                       Transmutation/Earth          2
   c - Stone Arrow                    Conjuration/Earth            3
   d - Petrify                        Transmutation/Earth          4
   e - Lee's Rapid Deconstruction     Earth                        5
 v - a book of Air

   Spells                             Type                      Level
   a - Shock                          Conjuration/Air              1
   b - Swiftness                      Charms/Air                   2
   c - Static Discharge               Conjuration/Air              3
   d - Airstrike                      Air                          4
   e - Lightning Bolt                 Conjuration/Air              5
Comestibles
 f - 5 rations


   Skills:
 + Level 4.8(3.8) Fighting
 + Level 7.1(6.1) Axes
 + Level 4.7(3.7) Armour
 + Level 2.6(1.6) Dodging
 + Level 4.8(3.8) Shields


You had 6 spell levels left.
You didn't know any spells.

Dungeon Overview and Level Annotations

Branches:
Dungeon (5/15)
 Temple: D:4-7

Altars:
Cheibriados
Dithmenos
Sif Muna
Zin

Shops:
D:4 =

Annotations:
D:1 need dig potion
D:5 Grinder


Innate Abilities, Weirdness & Mutations

You reflexively headbutt those who attack you in melee.
You have a pair of horns on your head.


Message History

You block the crimson imp's attack.
You miss the crimson imp. You headbutt the crimson imp.
The crimson imp is almost dead.
The crimson imp barely misses you. You furiously retaliate!
You headbutt the crimson imp!
You kill the crimson imp!
You hit the ogre.
The ogre is moderately wounded.
The ogre hits you with a giant club!!
You slash the ogre!
The ogre is heavily wounded.
The ogre hits you with a giant club!
* * * LOW HITPOINT WARNING * * *
You hit the ogre. You headbutt the ogre.
The ogre is almost dead.
You block the ogre's attack.
You hit the ogre. You headbutt the ogre.
The ogre is almost dead.
The ogre hits you with a giant club!
You die...

...... #. .#.##.#
#.##### #.
.#.##.###### #..
.#####. .#.##......#
.......#.#.#######.#
########
...(.....#.#..#..#<#
........
........##.#..#..#.#
#...#######
#.##.#>.#..#.#
..........#
#O##.#..#..#.#
#......##.
#@#..#.....#.#
....<...#
#.#.###.#.##.##
#.......#
#.............#
##......#
######.#####.##
##......# #........#
###.#.....#
#######.## #
#.#.....# ..# #
#.#....... #.# #
#.#!....## #.#


You could see an ogre.

Vanquished Creatures
  A phantom (D:4)
  A big kobold (Sewer)
  A scorpion (D:4)
  A howler monkey (D:4)
  A crimson imp (D:5)
  2 hounds (D:5)
  A bullfrog skeleton (D:4)
  2 orc wizards (D:5)
  A worker ant (D:5)
  A hound skeleton (D:4)
  4 adders
  A river rat (Sewer)
  A shadow imp (D:5)
  An adder skeleton (D:5)
  A dart slug (D:1)
  A worm (D:4)
  5 leopard geckos
  8 orcs
  7 giant cockroaches
  5 goblins
  10 hobgoblins
  2 jackals (Sewer)
  9 kobolds
  A quokka (D:3)
  2 ball pythons
  3 bats
  4 frilled lizards
  9 rats
86 creatures vanquished.

Notes
Turn   | Place    | Note
-------+----------+-------------------------------------------
     0 | D:1      | wojtek the Minotaur Fighter began the quest for the Orb.
     0 | D:1      | Reached XP level 1. HP: 19/19 MP: 0/0
   119 | D:1      | Reached skill level 3 in Axes
   227 | D:1      | Reached XP level 2. HP: 25/26 MP: 1/1
   639 | D:2      | Found a snail-covered altar of Cheibriados.
   704 | D:2      | Reached skill level 4 in Axes
   773 | D:2      | Reached XP level 3. HP: 27/31 MP: 2/2
   993 | D:2      | Found a deep blue altar of Sif Muna.
  1048 | D:2      | Found a glowing silver altar of Zin.
  1351 | D:3      | Found a glowing drain.
  1357 | D:3      | Reached skill level 5 in Axes
  1383 | Sewer    | Entered a sewer
  1390 | Sewer    | Reached XP level 4. HP: 19/39 MP: 3/3
  1593 | Sewer    | Noticed a big kobold
  1624 | Sewer    | Killed a big kobold
  1624 | Sewer    | Reached skill level 6 in Axes
  1624 | Sewer    | Reached XP level 5. HP: 4/45 MP: 4/4
  1909 | Sewer    | Found a glowing silver altar of Zin.
  1995 | D:3      | Found a shadowy altar of Dithmenos.
  2917 | D:4      | Noticed a phantom
  2934 | D:4      | Killed a phantom
  2934 | D:4      | Reached skill level 1 in Dodging
  2934 | D:4      | Reached XP level 6. HP: 44/52 MP: 5/5
  2997 | D:4      | Found Naopnuet's Jewellery Shoppe.
  3477 | D:5      | Entered Level 5 of the Dungeon
  3477 | D:5      | Noticed Grinder
  3932 | D:5      | Reached skill level 7 in Axes
  4128 | D:5      | Reached XP level 7. HP: 30/60 MP: 6/6
  4511 | D:5      | Slain by an ogre

Skill      XL: |  1  2  3  4  5  6 |
---------------+-------------------+-----
Axes           | 3 4 5 6 7 |  7.1
Fighting       | 4 |  4.8
Armour         | 4 |  4.7
Dodging        | 1 2 |  2.6
Shields        | 4 |  4.8

Action                   |  1- 3 |  4- 6 |  7- 9 || total
-------------------------+-------+-------+-------++-------
Melee: War axe           |    86 |   154 |    18 ||   258
       Headbutt          |    11 |    23 |     5 ||    39
       Unarmed           |       |     9 |       ||     9
  Use: Scroll            |       |     1 |       ||     1
  Eat: Chunk             |     1 |     6 |     1 ||     8
       Ration            |       |     1 |       ||     1
Armor: Scale mail        |    47 |    54 |     4 ||   105
Dodge: Dodged            |    29 |    52 |     9 ||    90
Block: Shield            |    41 |    90 |     3 ||   134
